 Dungeon Crawl Stone Soup version 0.30.1-11-g7821555f0a (webtiles) character file.

Game seed: 5490780033074485687

12972 Solaire the Stickfighter (level 11, -12/90 HPs)
             Began as a Minotaur Monk on Oct 31, 2023.
             Was an Elder of Hepliaklqana.
             Mangled by a spriggan rider
             ... wielding a +0 spear
              (13 damage)
             ... on level 1 of the Swamp.
             The game lasted 01:15:05 (12379 turns).

Solaire the Stickfighter (Minotaur Monk)           Turns: 12379, Time: 01:15:06

Health: -12/90     AC: 14    Str: 17    XL:     11   Next: 69%
Magic:  10/10      EV: 11    Int:  7    God:    Hepliaklqana [****..]
Gold:   297        SH:  0    Dex: 16    Spells: 10/10 levels left

rFire   + . .        Z - +6 quarterstaff of Division {heavy, +Blink rF+ rC++ Will-}
rCold   + + .        (shield currently unavailable)
rNeg    . . .        R - +0 chain mail
rPois   .            (helmet restricted)
rElec   .            (no cloak)
rCorr   .            (no gloves)
SInv    .            F - +0 pair of boots
Will    .....        G - amulet of faith Stlth
                     u - ring of flight
HPRegen 0.35/turn    (no ring)
MPRegen 0.12/turn

%: faith
@: flying
A: reduced essence, horns 2, retaliatory headbutt
a: Renounce Religion, Evoke Blink, Recall Ancestor, Ancestor Identity,
Transference, Idealise


You were on level 1 of the Swamp.
You worshipped Hepliaklqana.
Hepliaklqana was greatly pleased with you.
You visited 4 branches of the dungeon, and saw 12 of its levels.

You collected 633 gold pieces.
You spent 336 gold pieces at shops.

Inventory:

Hand Weapons
 e - a +1 quarterstaff of speed
 g - a +2 dagger of venom
 r - a +4 quarterstaff of chaos
 B - a +2 mace of holy wrath
 C - a +1 mace of protection
 L - a +2 dagger of speed
 M - a +3 trident
 O - a +2 mace
 S - a +1 long sword of draining
 W - a +3 battleaxe of freezing
 X - a +1 glaive of flaming
 Z - the +6 quarterstaff of Division (weapon) {heavy, +Blink rF+ rC++ Will-}
   (You found it on level 1 of the Lair of Beasts)

   rF:        It protects you from fire.
   rC:        It greatly protects you from cold.
   +Blink:    It lets you blink.
   Will:      It decreases your willpower.
Missiles
 f - 7 boomerangs
 j - 3 large rocks
 n - 8 atropa-tipped darts
 D - 83 stones
Armour
 d - an orb of light
 o - a +0 scale mail
 s - a +2 cloak of willpower
 F - a +0 pair of boots (worn)
 Q - a +2 helmet
 R - a +0 chain mail (worn)
 T - +0 steam dragon scales
Jewellery
 u - a ring of flight (left hand)
 E - a ring of fire
 G - an amulet of faith (around neck)
Wands
 w - a wand of flame (25) (quivered)
 H - a wand of roots (5)
 K - a wand of charming (6)
 P - a wand of polymorph (15)
Scrolls
 a - a scroll of noise {unknown}
 h - 6 scrolls of identify
 l - 2 scrolls of amnesia
 t - 6 scrolls of vulnerability
 v - 3 scrolls of immolation
 y - 3 scrolls of teleportation
 A - 3 scrolls of enchant weapon
 J - 6 scrolls of enchant armour
 N - 2 scrolls of fear
 U - 4 scrolls of torment
 V - 3 scrolls of blinking
Potions
 b - a potion of flight {unknown}
 c - 3 potions of ambrosia
 m - a potion of mutation {unknown}
 p - 2 potions of brilliance {unknown}
 q - 4 potions of lignification {unknown}
 x - a potion of attraction {unknown}
 z - 2 potions of curing
 Y - a potion of magic {unknown}


   Skills:
 + Level 10.5 Fighting
 + Level 4.6 Long Blades
 + Level 4.2(11.1) Polearms
 + Level 15.6(15.9) Staves
 + Level 13.2 Armour
 + Level 6.9 Dodging
 + Level 3.1 Stealth


You had 10 spell levels left.
You didn't know any spells.
Your spell library contained the following spells:

 Spells                   Type           Power      Damage    Failure   Level
 Shock                    Conj/Air       0%         1d3       95%         1
 Slow                     Hex            0%         N/A       95%         1
 Lesser Beckoning         Tloc           0%         N/A       99%         2
 Call Canine Familiar     Summ           0%         N/A       100%        3
 Confusing Touch          Hex            0%         N/A       100%        3
 Gell's Gravitas          Tloc           0%         N/A       100%        3
 Portal Projectile        Hex/Tloc       0%         N/A       100%        3
 Swiftness                Air            0%         N/A       100%        3
 Teleport Other           Tloc           0%         N/A       100%        3
 Vampiric Draining        Necr           0%         2d6       100%        3
 Airstrike                Air            0%         2d(0-16)  100%        4
 Leda's Liquefaction      Hex/Erth       0%         N/A       100%        4
 Manifold Assault         Tloc           0%         N/A       100%        4
 Dispersal                Tloc           0%         N/A       100%        6
 Disjunction              Tloc           0%         N/A       100%        8


Dungeon Overview and Level Annotations

Branches:
Dungeon (8/15)             Temple (1/1) D:5            Lair (2/5) D:8
  Swamp (1/4) Lair:2
  Snake: Lair:2-3    Spider: Lair:2-3

Altars:
Ashenzari
Cheibriados
Dithmenos
Elyvilon
Fedhas
Gozag
Hepliaklqana
Kikubaaqudgha
Makhleb
Nemelex Xobeh
Okawaru
Qazlal
Ru
Sif Muna
Trog
Uskayaw
Vehumet
Wu Jian
Xom
Yredelemnul
Zin
The Shining One

Shops:
D:4 !   D:6 !   D:8 (

Annotations:
Lair:1 exclusion: 2 oklob plants
Swamp:1 3 runed translucent doors


Innate Abilities, Weirdness & Mutations

Your life essence is reduced to manifest your ancestor. (-10% HP)
You have a pair of horns on your head.
You reflexively headbutt those who attack you in melee.


Message History

You swap places.
There is a staircase to the Swamp here.
You fly downwards.
Welcome to the Swamp!
This branch is noisy: sounds don't travel as far here.
This branch contains the decaying rune of Zot.
The spriggan rider shouts! x3; The bunyip gives a hideous shriek!
Found a potion of might.
There is a staircase back to the Lair here.
Found a runed translucent gate.
Esmond casts a spell at the tyrant leech.
The stone arrow hits the tyrant leech.
Esmond barely misses the tyrant leech.
A swamp worm comes into view.
You swap places.
The bunyip claws you!! The bunyip claws you. The bunyip claws you!
The tyrant leech closely misses you. You furiously retaliate!
You headbutt the tyrant leech!
Esmond hits the tyrant leech with a +0 quarterstaff!
The spriggan rider hits you from afar with a +0 spear!
You barely miss the bunyip.
You headbutt the bunyip, but do no damage.
The spriggan rider hits you from afar with a +0 spear!
* * * LOW HITPOINT WARNING * * *
The swamp worm fires a harpoon shot at you.
The harpoon shot misses you.
The harpoon shot hits the tyrant leech!!
The tyrant leech bites Esmond!!
Esmond hits the tyrant leech with a +0 quarterstaff!
The tyrant leech dies!
You closely miss the bunyip.
The spriggan rider hits you from afar with a +0 spear!
* * * LOW HITPOINT WARNING * * *
The spriggan rider hits you from afar with a +0 spear!
* * * LOW HITPOINT WARNING * * *
Esmond casts a spell at the bunyip.
The puff of frost hits the bunyip!
The spriggan rider completely misses you.
You thump the bunyip!
The bunyip is moderately wounded.
The spriggan rider hits you from afar with a +0 spear!
You die...

♣. ♣♣♣. . ♣....
.. ...~§ ..~
#..~~~ ♣♣♣♣♣....
#.....♣♣........
#.......<~..~~..
#...~~.R@§..w~..
+....~i†x.......
+...~.ii~~~~~.♣§
+...~~~~~~~..♣♣
#.!.~~~~~~~~~♣
#...~~~~~~~~.♣
#♣♣.~§~~~~~§..♣
♣..~~..~~~~~.


You could see the friendly Esmond the battlemage, a bunyip (ally target), 3
spriggan riders and a swamp worm.

Vanquished Creatures
  A two-headed ogre (D:8)
  Erica (Lair:1)
  Amaemon (Lair:1)
  Maggie (D:7)
  3 cane toads
  2 rime drakes
  3 komodo dragons
  A hornet (D:7)
  Grinder (D:6)
  2 tyrant leeches (Lair:2)
  3 blink frogs (Lair:2)
  A wyvern (Lair:1)
  7 yaks (Lair:2)
  A basilisk (Lair:2)
  The ghost of ShellytheWitch the Sneak, an amateur KoBr (D:3)
  A swamp worm (Lair:2)
  5 water moccasins
  4 ice beasts (D:8)
  3 sky beasts
  2 black bears
  An ogre (D:7)
  4 wolves
  3 centaurs
  2 phantoms
  4 scorpions
  A bullfrog (D:8)
  5 wights
  3 killer bees (D:7)
  3 howler monkeys (D:8)
  A hound (D:5)
  3 orc priests
  Crazy Yiuf (D:2)
  3 iguanas
  4 orc wizards
  A sleepcap (D:4)
  Natasha (D:2)
  9 adders
  2 white imps (D:7)
  An ufetubus (D:2)
  5 dart slugs
  10 orcs
  4 bats
  7 endoplasms
  4 giant cockroaches
  8 goblins
  5 hobgoblins
  3 jackals (D:5)
  3 quokkas (D:2)
  4 ball pythons
  4 frilled lizards
  3 kobolds
  10 rats
166 creatures vanquished.

Vanquished Creatures (collateral kills)
  An orange demon (Lair:1)
  A cane toad (Lair:1)
  A tyrant leech (Swamp:1)
  2 blink frogs
  2 yaks (Lair:2)
  2 water moccasins
  2 ice beasts
  2 wolves (Lair:1)
  2 bullfrogs
  A scorpion (D:6)
  3 wights
  A killer bee (D:7)
  4 electric eels (Lair:1)
  2 sleepcaps
  An iguana (D:6)
  3 gnolls (D:6)
  A white imp (D:5)
  An orc (D:5)
  A rat (D:3)
33 creatures vanquished.

Vanquished Creatures (others)
  4 battlemagi
  An iguana (D:4)
  2 ancestors
7 creatures vanquished.

Grand Total: 206 creatures vanquished

Notes
Turn   | Place    | Note
-------+----------+-------------------------------------------
     0 | D:1      | Solaire the Minotaur Monk began the quest for the Orb.
     0 | D:1      | Reached XP level 1. HP: 19/19 MP: 0/0
    94 | D:1      | Found a faded altar of an unknown god.
   106 | D:1      | Reached XP level 2. HP: 22/27 MP: 1/1
   389 | D:1      | Reached XP level 3. HP: 32/33 MP: 2/2
  1167 | D:2      | Noticed Natasha
  1176 | D:2      | Reached skill level 1 in Staves
  1182 | D:2      | Killed Natasha
  1183 | D:2      | Reached XP level 4. HP: 10/41 MP: 3/3
  1722 | D:2      | Found a runed translucent door.
  1734 | D:2      | Noticed Crazy Yiuf
  1747 | D:2      | Killed Crazy Yiuf
  1748 | D:2      | Reached skill level 2 in Staves
  1748 | D:2      | Reached skill level 1 in Armour
  1748 | D:2      | Reached XP level 5. HP: 19/47 MP: 4/4
  2330 | D:3      | Found a runed translucent door.
  2330 | D:3      | Noticed ShellytheWitch's ghost (amateur KoBr)
  2376 | D:3      | Reached skill level 3 in Staves
  2552 | D:3      | Found a shadowy altar of Dithmenos.
  2817 | D:3      | Killed ShellytheWitch's ghost
  2818 | D:3      | Reached skill level 5 in Fighting
  2818 | D:3      | Reached XP level 6. HP: 55/56 MP: 5/5
  2981 | D:4      | Reached skill level 4 in Staves
  3029 | D:4      | Reached skill level 5 in Staves
  3029 | D:4      | Reached XP level 7. HP: 33/61 MP: 6/6
  3294 | D:4      | Found Fynafash's Distillery.
  3600 | D:4      | Reached skill level 6 in Staves
  3751 | D:5      | Entered Level 5 of the Dungeon
  3899 | D:5      | Found a staircase to the Ecumenical Temple.
  3910 | D:5      | Reached skill level 7 in Staves
  4028 | Temple   | Entered the Ecumenical Temple
  4187 | Temple   | Became a worshipper of Hepliaklqana the Forgotten
  4187 | Temple   | Reached * piety under Hepliaklqana
  4187 | Temple   | Reached ** piety under Hepliaklqana
  4312 | D:5      | Reached skill level 8 in Staves
  4312 | D:5      | Reached XP level 8. HP: 63/63 MP: 7/7
  4359 | D:5      | Found a stormy altar of Qazlal.
  4397 | D:5      | Reached skill level 5 in Armour
  4399 | D:5      | Reached skill level 9 in Staves
  4399 | D:5      | Reached skill level 5 in Dodging
  5165 | D:6      | HP: 2/61 [wight/+3 trident (8)]
  5494 | D:6      | Noticed Grinder
  5498 | D:6      | Found Doammoni's Distillery.
  5511 | D:6      | Killed Grinder
  5512 | D:6      | Reached skill level 10 in Staves
  5512 | D:6      | Reached skill level 1 in Stealth
  5594 | D:6      | Bought a potion of heal wounds for 70 gold pieces
  5614 | D:6      | Reached XP level 9. HP: 34/71 MP: 8/8
  5770 | D:6      | Found a faded altar of an unknown god.
  5770 | D:6      | Found a sacrificial altar of Ru.
  5778 | D:6      | Found a snail-covered altar of Cheibriados.
  5785 | D:6      | Found an ancient bone altar of Kikubaaqudgha.
  5787 | D:6      | Found a basalt altar of Yredelemnul.
  6449 | D:7      | Reached skill level 11 in Staves
  6748 | D:7      | Found a blossoming altar of Fedhas.
  6795 | D:7      | Found a bloodstained altar of Trog.
  6904 | D:7      | Noticed Maggie
  6917 | D:7      | Killed Maggie
  7063 | D:7      | Found a broken altar of Ashenzari.
  7315 | D:7      | Paralysed by a hornet for 1 turns
  7320 | D:7      | Reached skill level 12 in Staves
  7823 | D:8      | Reached *** piety under Hepliaklqana
  7912 | D:8      | Reached XP level 10. HP: 47/81 MP: 9/9
  8026 | D:8      | Found a staircase to the Lair.
  8040 | D:8      | Noticed a two-headed ogre
  8050 | D:8      | Killed a two-headed ogre
  8051 | D:8      | Reached skill level 13 in Staves
  8051 | D:8      | Reached skill level 10 in Armour
  8236 | D:8      | Remembered your ancestor Esmond as a battlemage
  8309 | D:8      | Found Haifousk's Antique Weapon Shoppe.
  8436 | D:8      | Reached skill level 14 in Staves
  8912 | D:8      | Bought a glowing glaive for 266 gold pieces
  9220 | Lair:1   | Entered Level 1 of the Lair of Beasts
  9557 | Lair:1   | Noticed a cane toad
  9563 | Lair:1   | Killed a cane toad
  9564 | Lair:1   | Reached skill level 1 in Polearms
  9735 | Lair:1   | Noticed a cane toad
  9745 | Lair:1   | Killed a cane toad
  9754 | Lair:1   | HP: 4/81 [poisoned by a cane toad]
 10024 | Lair:1   | Noticed an oklob plant
 10024 | Lair:1   | Noticed an oklob plant
 10135 | Lair:1   | Reached skill level 15 in Staves
 10143 | Lair:1   | Identified the +6 quarterstaff of Division {heavy, +Blink
                  | rF+ rC++ Will-}
 10183 | Lair:1   | Noticed Erica
 10193 | Lair:1   | Killed Erica
 10316 | Lair:1   | Noticed an orange demon
 10317 | Lair:1   | Noticed Amaemon
 10327 | Lair:1   | Killed an orange demon
 10328 | Lair:1   | Reached XP level 11. HP: 70/89 MP: 10/10
 10330 | Lair:1   | Killed Amaemon
 11257 | Lair:2   | Reached skill level 10 in Fighting
 11893 | Lair:2   | Reached **** piety under Hepliaklqana
 12102 | Lair:2   | Found a staircase to the Swamp.
 12373 | Swamp:1  | Entered Level 1 of the Swamp
 12373 | Swamp:1  | Noticed a spriggan rider
 12373 | Swamp:1  | Noticed a spriggan rider
 12373 | Swamp:1  | Noticed a spriggan rider
 12373 | Swamp:1  | Noticed a bunyip
 12374 | Swamp:1  | Found a runed translucent gate.
 12374 | Swamp:1  | Found a runed translucent gate.
 12374 | Swamp:1  | Found a runed translucent gate.
 12378 | Swamp:1  | HP: 1/90 [spriggan rider/+0 spear (8)]
 12379 | Swamp:1  | Mangled by a spriggan rider

Illustrated notes

Levels and vault maps discovered:
D:1:      lightli_arrival_lavapool, layout_loops_cross,
          hellmonk_ecumenical_altar_lost_god
D:2:      layout_basic, uniq_natasha, uniq_crazy_yiuf_cottage
D:3:      kennysheep_six_static_rooms, layout_basic,
          nicolae_overflow_crystal_walls, hellmonk_ghost_happy_afterlife,
          corner_web_ring
D:4:      layout_loops_ring, serial_shops, nicolae_shop_tiny_statue_garden,
          minmay_manual_mares
D:5:      layout_basic, grunt_qazlal_clouds, minmay_temple_entry_glass
D:6:      layout_gridville, chequers_temple_overflow_minitemple, serial_shops,
          nicolae_shop_tiny_statue_garden, minivault_23, uniq_grinder
D:7:      layout_loops_cross, old_standard_altar, mainiacjoe_overflow_big_doors,
          eino_jars, uniq_maggie
D:8:      layout_cave_pools, hellmonk_lair_entry_icy, serial_shops,
          nicolae_shop_tiny_glass
Temple:   nicolae_temple_bog_church
Lair:1:   minmay_lair_oklob_tunnel, layout_chaotic_city, uniq_amaemon,
          uniq_erica
Lair:2:   layout_roguey, minmay_swamp_entry_worms, special_room
Swamp:1:  layout_basic_swamp, gammafunk_ghost_cemetery,
          evilmike_swamp_ruin_house_5

Skill      XL: |  1  2  3  4  5  6  7  8  9 10 11 |
---------------+----------------------------------+-----
Fighting       | 4 5 7 8 9 10 | 10.5
Long Blades    | 4 |  4.6
Dodging        | 4 5 6 |  6.9
Staves         | 1 2 3 5 8 10 12 15 | 15.6
Armour         | 1 2 3 4 7 9 11 13 | 13.2
Stealth        | 1 2 3 |  3.1
Polearms       | 2 4 |  4.2

Action                     |  1- 3 |  4- 6 |  7- 9 | 10-12 || total
---------------------------+-------+-------+-------+-------++-------
  Melee: Falchion          |    36 |       |       |       ||    36
         Headbutt          |    10 |     8 |    28 |    60 ||   106
         Quarterstaff      |    39 |    74 |   185 |   162 ||   460
         Glaive            |       |       |       |    42 ||    42
 Invoke: Ancestor Identity |       |       |     1 |       ||     1
         Ancestor Life: Ba |       |       |       |     1 ||     1
  Evoke: Wand              |       |       |       |     1 ||     1
    Use: Scroll            |     1 |     2 |     3 |     3 ||     9
         Potion            |       |     1 |     3 |     2 ||     6
   Stab: Distracted        |       |     1 |       |     5 ||     6
 Armour: Ring mail         |    12 |       |       |       ||    12
         Robe              |     2 |       |       |       ||     2
         Scale mail        |       |    36 |    56 |       ||    92
         Chain mail        |       |       |    25 |    67 ||    92
  Dodge: Dodged            |    65 |    51 |   113 |    84 ||   313
